 Dungeon Crawl Stone Soup version 0.28.0-47-ge53b351184 (webtiles) character file.

Game seed: 9313519485925426629

60 H0rd4k the Magician (level 3, -8/19 HPs)
             Began as a Deep Elf Hedge Wizard on May 4, 2022.
             Killed by divine providence
             ... invoked by an orc priest
              (16 damage)
             ... on level 3 of the Dungeon.
             The game lasted 00:01:48 (2275 turns).

H0rd4k the Magician (Deep Elf Hedge Wizard)         Turns: 2275, Time: 00:01:48

Health: -8/19      AC:  2    Str:  7    XL:     3   Next: 80%
Magic:  9/12       EV: 12    Int: 20    God:
Gold:   71         SH:  0    Dex: 14    Spells: 4/13 levels left

rFire   . . .      SeeInvis .   a - +0 dagger
rCold   . . .      Faith    .   (no shield)
rNeg    . . .      Spirit   .   b - +0 robe
rPois   .          Reflect  .   c - +0 hat
rElec   .          Harm     .   (no cloak)
rCorr   +          Rampage  .   (no gloves)
Will    .....                   (no boots)
Stlth   ++........              (no amulet)
HPRegen 0.06/turn               h - ring of resist corrosion
MPRegen 0.13/turn               (no ring)

@: no status effects
A: no striking features
a: no special abilities


You were on level 3 of the Dungeon.
You visited 1 branch of the dungeon, and saw 3 of its levels.

You collected 71 gold pieces.

Inventory:

Hand Weapons
 a - a +0 dagger (weapon)
Armour
 b - a +0 robe (worn)
 c - a +0 hat (worn)
Jewellery
 h - a ring of resist corrosion (left hand)
Scrolls
 d - a scroll of identify {unknown}
 f - 2 scrolls of teleportation {unknown}
 g - a scroll of noise {unknown}
 j - a scroll of immolation {unknown}
 l - a scroll of enchant weapon {unknown}
 m - a scroll of enchant armour {unknown}
Potions
 e - a potion of might {unknown}
 i - a potion of heal wounds {unknown}
 k - 2 potions of resistance {unknown}


   Skills:
 + Level 2.5 Dodging
 - Level 2.4 Stealth
 + Level 5.8 Spellcasting
 + Level 1.7 Conjurations
 + Level 1.1 Summonings
 + Level 1.3 Translocations
 * Level 0.1 Fire Magic
 * Level 0.9 Air Magic
 * Level 0.4 Poison Magic


You had 4 spell levels left.
You knew the following spells:

 Your Spells              Type           Power      Damage    Failure   Level
a - Magic Dart            Conj           48%        1d5       5%          1
b - Blink                 Tloc           22%        N/A       10%         2
c - Conjure Flame         Conj/Fire      9%         6-21      22%         3
d - Mephitic Cloud        Conj/Pois/Air  10%        N/A       21%         3

Your spell library contained the following spells:

 Spells                   Type           Power      Damage    Failure   Level
 Call Imp                 Summ           10%        N/A       10%         2
 Slow                     Hex            20%        N/A       11%         1


Dungeon Overview and Level Annotations

Branches:
Dungeon (3/15)

Altars:

Shops:
D:2 (*


Message History

Done exploring.
(D) Dungeon
Where to? (Enter - D:1, ? - help)
There is a stone staircase leading down here.
You climb downwards.
Found 13 gold pieces.
There is a stone staircase leading up here.
An endoplasm is nearby!
An endoplasm is nearby!
An endoplasm is nearby!
An endoplasm is nearby!
The magic dart hits the endoplasm.
The endoplasm is severely wounded.
The magic dart hits the endoplasm.
You kill the endoplasm!
You can't see any susceptible monsters within range! (Use Z to cast anyway.) Magic restored.
An orc priest comes into view. It is wielding a +0 hand axe.
An orc priest is nearby!
An orc priest is nearby!
The magic dart hits the orc priest.
The orc priest is lightly wounded.
The magic dart hits the orc priest.
The orc priest is moderately wounded.
The magic dart hits the orc priest.
The orc priest is moderately wounded.
The magic dart hits the orc priest but does no damage.
The orc priest is moderately wounded.
The orc priest mumbles some strange prayers to Beogh against you.
Beogh smites you!
Ouch! That really hurt!
You hear an angry hiss.
You are too injured to fight recklessly!
You are too injured to fight recklessly!
An adder comes into view.
There is a stone staircase leading up here.
The orc priest calls down the wrath of Beogh upon you.
Beogh smites you!
Ouch! That really hurt!
You die...

.... . ..#.. #
....#.# ..#.... #+
....... #. .......
######.####.oS....
..................
##....@.........#
#.##+######..#.#
...# ... .. .


You could see an orc priest and an adder.

Vanquished Creatures
  2 adders (D:2)
  A dart slug (D:2)
  6 bats
  3 endoplasms
  3 giant cockroaches
  2 goblins (D:1)
  3 hobgoblins
  4 jackals (D:2)
  6 kobolds
  A quokka (D:2)
  2 frilled lizards (D:1)
  4 rats
37 creatures vanquished.

Notes
Turn   | Place    | Note
-------+----------+-------------------------------------------
     0 | D:1      | H0rd4k the Deep Elf Hedge Wizard began the quest for the
                  | Orb.
     0 | D:1      | Reached XP level 1. HP: 10/10 MP: 7/7
   186 | D:1      | Reached XP level 2. HP: 15/15 MP: 6/9
   219 | D:1      | Reached skill level 5 in Spellcasting
  1259 | D:2      | Found a faded altar of an unknown god.
  1545 | D:2      | Reached XP level 3. HP: 19/19 MP: 3/12
  1548 | D:2      | Learned a level 2 spell: Blink
  1552 | D:2      | Learned a level 3 spell: Conjure Flame
  1556 | D:2      | Learned a level 3 spell: Mephitic Cloud
  1831 | D:2      | Found Megiol's Antique Weapon Shop.
  2016 | D:2      | Found Yzxuyr Loc's Assorted Antiques.
  2275 | D:3      | Killed from afar by an orc priest

Illustrated notes

Levels and vault maps discovered:
D:1:      dpeg_arrival_central, layout_basic
D:2:      layout_loops_ring, dreamdust_ecumenical_altar_statues, serial_shops,
          nicolae_shop_statue_plus, shop
D:3:      minmay_goblin_kobold_castle, layout_basic

Skill      XL: |  1  2 |
---------------+-------+-----
Spellcasting   | 5 |  5.8
Dodging        | |  2.5
Stealth        | |  2.4
Conjurations   | |  1.7
Summonings     | |  1.1
Translocations | |  1.3
Fire Magic     | |  0.1
Air Magic      | |  0.9
Poison Magic   | |  0.4

Action                   || total
-------------------------++-------
Melee: Dagger            ||     1
 Cast: Magic Dart        ||   100
Armor: Robe              ||     4
Dodge: Dodged            ||     8
